Map: Templo Congelado

Players

TheZergLord - Winner!

  • Race: Zerg Zerg
  • League: Grandmaster

Believe

  • Race: Zerg Zerg
  • League: Grandmaster

VOD

Have the link to the VOD?

Description

Time

  • Played on: May 27, 2016, 1:58 p.m.
  • Length: 12:22
Show
View Real Time Build Order
Export as new Build Order

TheZergLord Zerg - Winner!

Build Orders: Pool First 

Get SALT Encoding   

  12  0:01  Drone  
  13  0:22  Spawning Pool  
  13  0:26  Drone  
  13  0:30  Drone  
  14  0:37  Extractor  
  14  0:38  Drone  
  15  0:49  Overlord  
  15  1:10  Queen  
  15  1:11  Zergling x6  
  20  1:22  Zergling x2  
  21  1:34  Hatchery, Zergling x2  
  21  1:46  Queen  
  21  1:47  Extractor  
  23  1:56  Overlord  
  23  2:16  Drone x3  
  23  2:20  Extractor  
  23  2:22  Queen  
  25  2:26  Drone x2  
  29  2:37  Drone x2  
  27  2:49  Drone  
  27  2:50  Drone  
  29  2:56  Overlord  
  29  3:02  Drone x4  
  32  3:14  Roach Warren  
  32  3:16  Drone x2  
  33  3:20  Drone  
  34  3:27  Lair  
  34  3:30  Drone  
  35  3:35  Evolution Chamber  
  35  3:36  Drone  
  35  3:38  Drone  
  35  3:40  Drone  
  37  3:43  Drone  
  37  3:45  Drone  
  39  3:48  Drone  
  39  3:49  Drone  
  41  3:57  Overlord  
  41  3:58  Drone x2  
  41  4:00  Drone  
  44  4:04  Zerg Missile Weapons Level 1  
  44  4:09  Extractor  
  43  4:10  Drone x2, Extractor  
  43  4:16  Overlord  
  44  4:17  Drone x2  
  44  4:20  Drone  
  44  4:22  Overlord  
  47  4:25  Overseer  
  47  4:38  Drone  
  48  4:45  Glial Reconstitution  
  48  4:51  Roach x2  
  48  4:52  Hatchery, Roach  
  53  4:58  Roach x2  
  53  4:59  Overlord  
  57  5:00  Overlord  
  57  5:09  Roach  
  59  5:19  Roach x3  
  59  5:20  Roach x3  
  71  5:23  Overlord  
  71  5:29  Overlord x2  
  71  5:32  Roach x2  
  75  5:39  Overlord  
  77  5:42  Roach  
  77  5:47  Roach x3  
  83  5:51  Roach x2  
  87  6:02  Zerg Missile Weapons Level 2  
  87  6:06  Roach  
  87  6:08  Drone x4  
  87  6:09  Drone  
  94  6:13  Roach  
  96  6:19  Roach  
  96  6:20  Roach x2  
  96  6:21  Roach  
  102  6:26  Roach x2  
  80  6:40  Roach x2  
  80  6:41  Roach x2  
  80  6:42  Drone x2  
  80  6:43  Drone  
  80  6:45  Overseer  
  91  6:47  Drone x5  
  96  6:58  Roach x3  
  94  7:11  Drone x3  
  97  7:18  Queen  
  97  7:19  Queen x2  
  103  7:22  Spore Crawler  
  103  7:23  Spore Crawler  
  103  7:24  Spore Crawler  
  103  7:25  Spore Crawler  
  103  7:27  Spore Crawler  
  98  7:30  Spore Crawler  
  98  7:31  Spore Crawler  
  98  7:33  Spore Crawler  
  96  7:37  Infestation Pit  
  96  7:40  Spore Crawler  
  96  7:41  Drone x8  
  102  7:47  Drone x4  
  106  8:05  Extractor  
  106  8:06  Queen, Extractor  
  106  8:08  Extractor  
  105  8:13  Drone  
  105  8:14  Overlord x2  
  105  8:16  Hive  
  105  8:17  Overlord x3  
  106  8:24  Queen  
  104  8:35  Infestor x3  
  104  8:37  Evolution Chamber  
  104  8:38  Drone x9  
  118  8:52  Evolution Chamber  
  118  8:53  Queen  
  117  8:59  Queen  
  115  9:13  Zerg Ground Armor Level 1  
  115  9:21  Zerg Melee Weapons Level 1  
  115  9:28  Queen  
  117  9:32  Ultralisk Cavern, Adrenal Glands  
  117  9:35  Queen  
  118  10:00  Overlord x4  
  118  10:05  Overlord x2  
  118  10:06  Overlord x2  
  118  10:07  Overlord x2  
  118  10:17  Queen, Hatchery  
  118  10:20  Chitinous Plating  
  119  10:22  Ultralisk x3  
  137  10:30  Roach  
  137  10:35  Ultralisk  
  143  10:44  Ultralisk  
  143  10:46  Ravager x4  
  152  10:52  Zergling x14  
  157  11:05  Ultralisk  
  159  11:23  Zergling x14  
  159  11:24  Zergling x2  
  167  11:29  Drone x2  
  167  11:30  Drone  
Show
View Real Time Build Order
Export as new Build Order

Believe Zerg 

Build Orders: Hatch First 

Get SALT Encoding   

  12  0:01  Drone  
  13  0:08  Drone  
  14  0:17  Overlord  
  14  0:26  Drone, Extractor  
  15  0:36  Drone  
  15  0:37  Drone  
  17  0:46  Drone  
  18  0:56  Hatchery  
  17  1:09  Spawning Pool  
  16  1:11  Drone  
  16  1:15  Drone  
  18  1:25  Drone  
  19  1:33  Drone  
  20  1:58  Queen  
  22  2:04  Spine Crawler  
  22  2:05  Spine Crawler  
  22  2:06  Zergling x4  
  22  2:08  Zergling x2  
  23  2:09  Queen, Zergling x2  
  26  2:18  Overlord  
  23  2:37  Zergling x4  
  23  2:38  Drone  
  23  2:40  Drone  
  28  2:49  Overlord  
  28  2:59  Extractor  
  27  3:07  Queen  
  27  3:08  Overlord  
  27  3:09  Drone x3  
  27  3:10  Drone  
  34  3:17  Drone  
  35  3:21  Overlord  
  35  3:26  Drone x4  
  39  3:28  Drone  
  39  3:31  Drone  
  41  3:37  Overlord  
  41  3:42  Evolution Chamber  
  41  3:48  Queen  
  40  3:49  Drone x2  
  40  3:53  Extractor  
  40  3:55  Extractor  
  42  3:56  Drone, Extractor x2  
  42  3:58  Drone  
  42  4:00  Drone  
  42  4:01  Drone  
  44  4:05  Overlord  
  44  4:11  Drone x3  
  47  4:17  Drone  
  47  4:18  Drone  
  47  4:20  Drone  
  47  4:21  Drone  
  51  4:31  Drone x2  
  51  4:33  Drone x2  
  51  4:34  Drone  
  56  4:39  Overlord  
  56  4:42  Lair  
  56  4:48  Metabolic Boost  
  56  5:02  Drone x4  
  56  5:05  Overlord  
  60  5:12  Drone  
  60  5:14  Hatchery  
  60  5:15  Baneling Nest  
  59  5:23  Drone  
  59  5:24  Drone  
  59  5:26  Queen  
  63  5:29  Overlord  
  63  5:47  Spine Crawler  
  63  5:48  Spine Crawler x2  
  61  5:50  Spine Crawler x2  
  61  5:56  Spire, Spine Crawler  
  57  5:58  Zergling x8  
  57  5:59  Zergling x2  
  57  6:02  Baneling x3  
  57  6:03  Spine Crawler, Baneling x2  
  57  6:04  Baneling x3  
  61  6:05  Baneling  
  61  6:06  Baneling  
  61  6:13  Zergling x8  
  57  6:28  Zergling x8  
  57  6:29  Zergling x4  
  60  6:37  Zergling x8  
  59  6:44  Evolution Chamber  
  58  6:50  Baneling  
  58  6:51  Baneling x4  
  58  6:52  Baneling x2  
  58  6:53  Zergling x8  
  60  7:09  Mutalisk  
  60  7:10  Mutalisk x5  
  60  7:14  Mutalisk  
  74  7:16  Mutalisk  
  74  7:20  Mutalisk  
  78  7:25  Mutalisk  
  78  7:28  Mutalisk  
  82  7:35  Drone  
  83  7:38  Overlord  
  83  7:48  Hatchery  
  82  7:56  Drone x2  
  82  7:57  Drone  
  85  8:00  Zerg Flyer Weapons Level 1  
  85  8:02  Mutalisk x2  
  89  8:06  Mutalisk  
  91  8:12  Roach Warren  
  91  8:17  Drone  
  91  8:34  Overlord x3  
  91  8:45  Overlord  
  91  8:48  Zerg Ground Armor Level 1, Zerg Missile Weapons Level 1  
  91  8:53  Queen, Drone  
  91  8:54  Drone x5  
  97  8:59  Drone x2  
  97  9:12  Queen  
  97  9:15  Drone x2  
  101  9:25  Glial Reconstitution  
  101  9:30  Drone x3  
  101  9:31  Extractor  
  103  9:32  Roach x4  
  103  9:33  Roach  
  103  9:38  Roach x2  
  117  9:39  Roach  
  117  9:41  Roach  
  117  9:45  Overlord  
  121  9:46  Overlord  
  121  10:09  Overlord x2  
  121  10:10  Roach  
  121  10:11  Roach x7  
  137  10:17  Drone  
  137  10:19  Drone  
  139  10:27  Hatchery  
  138  10:28  Roach  
  138  10:29  Roach x3  
  138  10:31  Overlord x2  
  138  10:34  Roach  
  148  10:41  Roach x2  
  152  10:43  Drone, Overlord  
  153  10:53  Baneling x3  
  153  10:54  Baneling x2  
  153  10:55  Baneling x2  
  153  11:01  Roach  
  153  11:02  Roach x7  
  165  11:05  Roach  
  165  11:06  Roach  
  163  11:13  Roach  
  163  11:14  Roach x3  
  144  11:34  Infestation Pit  
  144  11:35  Roach x3  
  144  11:36  Roach x7  
  144  11:38  Roach  
  167  11:40  Roach  
  153  11:52  Roach x5  
  153  11:53  Roach  
  144  11:59  Drone  
Tags
 
Add a new tag
Caveats
  • Supply blocks, unpowered buildings, or Contaminate may cause inaccurate times.
  • Supply counts are checked every 10 seconds.